 Dungeon Crawl Stone Soup version 0.28.0-45-g0d030f2227 (webtiles) character file.

Game seed: 13555615444137544059

185 Icepheonix32 the Skirmisher (level 5, -3/42 HPs)
             Began as a Demonspawn Fighter on Apr 16, 2022.
             Splashed by a jelly's acid (4 damage)
             ... in a sewer.
             The game lasted 00:02:39 (2008 turns).

Icepheonix32 the Skirmisher (Demonspawn Fighter)    Turns: 2008, Time: 00:02:40

Health: -3/42      AC: -17   Str: 18    XL:     5   Next: 37%
Magic:  5/5        EV:  9    Int: 10    God:
Gold:   104        SH:  4    Dex: 12    Spells: 4/4 levels left

rFire   . . .      SeeInvis .   i - +3 short sword
rCold   . . .      Faith    .   c - +0 buckler
rNeg    . . .      Spirit   .   b - +0 scale mail
rPois   +          Reflect  .   (helmet restricted)
rElec   .          Harm     .   (no cloak)
rCorr   .          Rampage  .   (no gloves)
Will    .....                   (no boots)
Stlth   ..........              (no amulet)
HPRegen 0.14/turn               e - ring of poison resistance
MPRegen 0.09/turn               j - +4 ring of protection

@: corroded
A: claws 1, horns 1, demonic guardian 1, weakness stinger 1
a: no special abilities


You were in a sewer.
You visited 1 branch of the dungeon, and saw 3 of its levels.
You also visited: Sewer.

You collected 104 gold pieces.

Inventory:

Hand Weapons
 a - a +0 war axe
 i - a +3 short sword (weapon)
Armour
 b - a +0 scale mail (worn)
 c - a +0 buckler (worn)
Jewellery
 e - a ring of poison resistance (left claw)
 j - a +4 ring of protection (right claw)
Scrolls
 f - a scroll of fog {unknown}
 g - a scroll of acquirement
 h - 3 scrolls of identify {unknown}
 l - a scroll of enchant armour {unknown}
 m - a scroll of teleportation
Potions
 d - a potion of might
 k - a potion of curing {unknown}
 n - 2 potions of heal wounds {unknown}
 o - a potion of invisibility {unknown}
 p - 2 potions of magic {unknown}


   Skills:
 + Level 4.1 Fighting
 - Level 2.0 Axes
 + Level 3.5 Armour
 + Level 1.5 Dodging
 + Level 0.3 Stealth
 + Level 3.1 Shields
 * Level 1.6 Unarmed Combat


You had 4 spell levels left.
You didn't know any spells.
Your spell library contained the following spells:

 Spells                   Type           Power      Damage    Failure   Level
 Shock                    Conj/Air       0%         1d3       83%         1
 Gell's Gravitas          Tloc           0%         N/A       99%         3
 Swiftness                Air            0%         N/A       99%         3
 Teleport Other           Tloc           0%         N/A       99%         3
 Airstrike                Air            0%         N/A       100%        4
 Dispersal                Tloc           0%         N/A       100%        6


Dungeon Overview and Level Annotations

Branches:
Dungeon (3/15)              Sewer (1/1)

Altars:


Innate Abilities, Weirdness & Mutations

You have sharp fingernails.
You have a pair of small horns on your head.
A weak demonic guardian rushes to your aid.
You have a small tail.


Message History

You hit the endoplasm.
You kill the endoplasm!
You enter the shallow water.
Moving in this stuff is going to be slow.
The jelly barely misses you. You block the jelly's attack.
You hit the jelly.
Your claws burn!
The jelly is lightly wounded.
The jelly hits you but does no damage.
You hit the jelly.
Your claws burn!
The jelly is heavily wounded.
The jelly hits you but does no damage.
You hit the jelly. The acid corrodes you!
Your claws burn!
The jelly is severely wounded.
The jelly barely misses you.
You barely miss the jelly.
You headbutt the jelly, but do no damage.
You tail-slap the jelly, but do no damage.
The jelly is severely wounded.
The jelly hits you. The acid corrodes you!
You are splashed with acid.
Your unstable footing causes you to fumble your attack.
The jelly hits you. The acid corrodes you!
You are splashed with acid!
You are too injured to fight recklessly!
You block the jelly's attack.
You are too injured to fight recklessly!
You hit the jelly. The acid corrodes you!
Your claws burn!
You headbutt the jelly, but do no damage.
The jelly is almost dead.
The jelly hits you.
* * * LOW HITPOINT WARNING * * *
The acid corrodes you!
You are splashed with acid!
* * * LOW HITPOINT WARNING * * *
A demonic guardian appears!
You hit the jelly. The acid corrodes you!
Your claws burn!
* * * LOW HITPOINT WARNING * * *
You headbutt the jelly, but do no damage.
The jelly is almost dead.
The jelly hits you.
* * * LOW HITPOINT WARNING * * *
The acid corrodes you!
You are splashed with acid.
You die...

#≈.≈.≈## ##.÷####
##≈≈...####....≈.#
####....##≈≈.≈.≈≈≈
?.##≈...≈..###.≈.
!≈.##.≈.÷.##.##..
##.≈.#≈.≈≈##≈..#.≈
##...##.≈..≈≈≈.##≈≈
#≈J≈##≈≈≈..≈.≈##≈.≈
#≈@.#≈≈.#.≈.†≈..≈∩#
##≈≈≈≈.##..≈#.≈≈.##
##5..####≈≈######
##### #≈≈≈######
##≈≈≈≈.#.†
##≈...≈≈≈ ###.≈≈≈.
##...# #####


You could see a jelly (ally target) and a friendly ufetubus (summoned).

Vanquished Creatures
  2 jellies (Sewer)
  3 adders
  A river rat (Sewer)
  3 worms
  3 dart slugs
  3 orcs (D:2)
  7 ball pythons
  8 endoplasms (Sewer)
  8 giant cockroaches
  3 goblins (D:1)
  2 hobgoblins (D:2)
  6 kobolds
  4 quokkas
  5 bats
  10 frilled lizards
  3 rats
71 creatures vanquished.

Notes
Turn   | Place    | Note
-------+----------+-------------------------------------------
     0 | D:1      | Icepheonix32 the Demonspawn Fighter began the quest for the
                  | Orb.
     0 | D:1      | Reached XP level 1. HP: 18/18 MP: 1/1
   145 | D:1      | Discovered your monstrous ancestry.
   145 | D:1      | Gained mutation: You have a small tail. [demonic ancestry]
   145 | D:1      | Reached XP level 2. HP: 19/24 MP: 2/2
   805 | D:1      | Identified a scroll of acquirement
   862 | D:2      | Gained mutation: You have sharp fingernails. [demonic
                  | ancestry]
   862 | D:2      | Reached XP level 3. HP: 29/29 MP: 3/3
   996 | D:2      | Reached skill level 1 in Dodging
  1194 | D:2      | Found a faded altar of an unknown god.
  1529 | D:3      | Reached skill level 1 in Unarmed Combat
  1529 | D:3      | Found a glowing drain.
  1548 | Sewer    | Entered a sewer
  1607 | Sewer    | Gained mutation: You have a pair of small horns on your
                  | head. [demonic ancestry]
  1607 | Sewer    | Reached XP level 4. HP: 37/37 MP: 4/4
  1812 | Sewer    | Reached skill level 4 in Fighting
  1812 | Sewer    | Gained mutation: A weak demonic guardian rushes to your
                  | aid. [demonic ancestry]
  1812 | Sewer    | Reached XP level 5. HP: 32/42 MP: 5/5
  1938 | Sewer    | Found a shimmering altar of Xom.
  2008 | Sewer    | HP: 2/42 [acid (3)]
  2008 | Sewer    | Splashed by a jelly's acid

Illustrated notes

Levels and vault maps discovered:
D:1:      lemuel_arrival_river_bridge, layout_loops_ring
D:2:      layout_basic, dreamdust_ecumenical_altar_statues, minmay_between
D:3:      layout_basic, cheibrodos_sewer_entry_drain, nicolae_underground_beach,
          uniq_terence
Sewer:    sewer_hellmonk_slimy_pipes

Skill      XL: |  1  2  3  4 |
---------------+-------------+-----
Armour         | 3 |  3.5
Axes           | 2 |  2.0
Dodging        | 1 |  1.5
Unarmed Combat | 1 |  1.6
Shields        | 3 |  3.1
Fighting       | 4 |  4.1
Stealth        | |  0.3

Action                   |  1- 3 |  4- 6 || total
-------------------------+-------+-------++-------
Melee: War axe           |    43 |       ||    43
       Short sword       |    64 |    65 ||   129
       Tailslap          |    11 |     7 ||    18
       Headbutt          |       |    12 ||    12
  Use: Scroll            |     2 |       ||     2
Armor: Scale mail        |    49 |    29 ||    78
Dodge: Dodged            |    53 |    23 ||    76
Block: Buckler           |    28 |    10 ||    38
